 Dungeon Sprint DCSS version 0.30.1-4-g462c640d31 (webtiles) character file.

Game seed: 13854802859882377540

8957 Heoruswealwe the Executioner (level 11, -5/112 HPs)
             Began as a Hill Orc Fighter on Aug 27, 2023.
             Was the Champion of the Shining One.
             Slain by a demonic crawler (6 damage)
             ... in the Dungeon (Sprint I: "Red Sonja").
             The game lasted 00:23:01 (1818 turns).

Heoruswealwe the Executioner (Hill Orc Fighter)     Turns: 1818, Time: 00:23:02

Health: -5/112     AC:  8    Str: 25    XL:     11   Next: 39%
Magic:  14/22      EV: 14    Int:  8    God:    the Shining One [******]
Gold:   543        SH:  4    Dex:  8    Spells: 10/10 levels left

rFire   + . .        a - +0 war axe
rCold   . . .        d - +0 buckler
rNeg    + + +        c - +2 chain mail {rF+}
rPois   .            g - +0 helmet "Hero's Friend" {*Corrode rC+ Will+ Str+3}
rElec   .            (no cloak)
rCorr   .            (no gloves)
SInv    .            (no boots)
Will    +....        (no amulet) Stlth
                     k - +5 ring of evasion
HPRegen 0.38/turn    (no ring)
MPRegen 0.18/turn

%: no teleportation, corrode self (3%)
@: corroded, glowing
A: clumsy 1, deformed body, weak 1, cold vulnerability 1, subdued magic 1
a: Renounce Religion, Divine Shield, Cleansing Flame, Summon Divine Warrior,
Brand Weapon With Holy Wrath


You were in the Dungeon.
You worshipped the Shining One.
The Shining One was exalted by your worship.
You visited 1 branch You collected 1302 gold pieces.
You spent 759 gold pieces at shops.

Inventory:

Hand Weapons
 a - a +0 war axe (weapon)
 f - a +0 longbow
Armour
 c - a +2 chain mail of fire resistance (worn)
 d - a +0 buckler (worn)
 g - the +0 helmet "Hero's Friend" (worn) {*Corrode rC+ Will+ Str+3}
   (You bought it in a shop in the Dungeon)

   Str:       It affects your strength (+3).
   rC:        It protects you from cold.
   *Corrode:  It may corrode you when you take damage.
   Will:      It increases your willpower.
Magical Staves
 b - the staff of poison "Daugusauti" {rPois rF+ rN+ SInv}
   (You found it in the Dungeon)

   [staff of poison]

   Base accuracy: +5 Base damage: 5 Base attack delay: 1.2 This weapon's minimum
   attack delay (0.6) is reached at skill level 12.
   rF:        It protects you from fire.
   rPois:     It protects you from poison.
   rN:        It protects you from negative energy.
   SInv:      It lets you see invisible.
   It falls into the 'Staves' category.
   It is a one-handed weapon.
Jewellery
 k - a +5 ring of evasion (left hand)
Wands
 i - a wand of flame (27)
 o - a wand of digging (3)
Scrolls
 p - a scroll of poison
 q - a scroll of fear {unknown}
 r - a scroll of silence {unknown}
Potions
 e - 2 potions of curing
 h - a potion of lignification {unknown}
 j - 3 potions of cancellation {unknown}
 l - 2 potions of invisibility
 t - 2 potions of attraction {unknown}
Miscellaneous
 m - a phial of floods


   Skills:
 + Level 15.1 Fighting
 * Level 22.0 Axes
 + Level 14.0 Armour
 - Level 3.2 Shields
 + Level 15.9 Invocations


You had 10 spell levels left.
You didn't know any spells.
Your spell library was empty.

Dungeon Overview and Level Annotations

Branches:
Dungeon (1/1)

Altars:
Cheibriados
Dithmenos
Elyvilon
Fedhas
Gozag
Hepliaklqana
Kikubaaqudgha
Makhleb
Nemelex Xobeh
Okawaru
Qazlal
Ru
Sif Muna
Trog
Uskayaw
Vehumet
Wu Jian
Xom
Yredelemnul
Zin
The Shining One
Jiyva
Lugonu

Shops:
D *=:(=[!:[=**[=[*[[[[*


Innate Abilities, Weirdness & Mutations

You are clumsy. (Dex -2)
Armour fits poorly on your strangely shaped body.
You are weak. (Str -2)
You are vulnerable to cold. (rC-)
Your spells are a little easier to cast, but a little less powerful.


Message History

Your daeva blocks the demonic crawler's attack.
The demonic crawler hits you!
* * * LOW HITPOINT WARNING * * *
The demonic crawler hits you but does no damage.
The demonic crawler barely misses you.
Your daeva blocks the demonic crawler's attack.
The demonic crawler hits your daeva! x2; The demonic crawler misses your daeva.
The demonic crawler barely misses your daeva.
The demonic crawler closely misses your daeva.
You feel better. The demonic crawler closely misses you.
The demonic crawler hits you!
* * * LOW HITPOINT WARNING * * *
The demonic crawler hits you.
* * * LOW HITPOINT WARNING * * *
The demonic crawler hits your daeva.
The demonic crawler closely misses your daeva.
The demonic crawler hits your daeva but does no damage.
The demonic crawler closely misses your daeva.
The demonic crawler hits your daeva.
The demonic crawler barely misses your daeva.
Your daeva calls down the wrath of the Shining One upon the demonic crawler.
The demonic crawler is smitten.
What are your orders? t - Shout!
Orders for allies: a - Attack new target. r - Retreat! s - Stop attacking. g - Guard the area. f - Follow me.
Anything else - Cancel.
Gang up on whom?
Press: ? - help, Dir - move target, f - demonic crawler
Aim: a demonic crawler (haloed) Attack!
The demonic crawler hits you!
* * * LOW HITPOINT WARNING * * *
The demonic crawler misses you. The demonic crawler barely misses you.
Your daeva blocks the demonic crawler's attack. x2
The demonic crawler hits your daeva!
Your daeva blocks the demonic crawler's attack.
The demonic crawler hits your daeva. The demonic crawler hits your daeva!
The demonic crawler hits you.
You die...

##########################
#<.#..)..#..'..#__#..')..#
#..!..#..').#.ss..'..#)..##+#
#..#####'#####A#_s####...'..#
#..####..#...#s####§§#####..+
#..#__####..##@#§§§.†#..# ##
#..#_____##'#_.+§§§§§+†.#
#⌠⌠#_.∩...'..._#~§§.§#..#
##.#_..__##_.#'##+#####'###
#..#_____###'#.#.)..###.+§#
############.####'###.###.#
#∩........'...'..[..'.∩##§#
###''''####...###.#######§#
#.......####.###......÷##§#


You could see 3 demonic crawlers and a friendly daeva (summoned).

Vanquished Creatures
  2 centaur warriors (D)
  Sonja (D)
  A deep troll (D)
  An oklob plant (D)
  2 unseen horrors (D)
  2 kobold demonologists (D)
  A hornet (D)
  A slime creature (D)
  Sigmund (D)
  A yak (D)
  2 redbacks (D)
  4 floating eyes (D)
  An ogre (D)
  7 necrophages (D)
  8 jellies (D)
  Ijyb (D)
  A ballistomycete spore (D)
37 creatures vanquished.

Vanquished Creatures (collateral kills)
  8 shining eyes (D)
  2 floating eyes (D)
10 creatures vanquished.

Vanquished Creatures (others)
  A gargoyle (D)
  A ballistomycete spore (D)
2 creatures vanquished.

Grand Total: 49 creatures vanquished

Notes
Turn   | Place    | Note
-------+----------+-------------------------------------------
     0 | D        | Heoruswealwe the Hill Orc Fighter began the quest for the
                  | Orb.
     0 | D        | Reached XP level 1. HP: 19/19 MP: 1/1
     1 | D        | Noticed Ijyb
    10 | D        | Killed Ijyb
    11 | D        | Reached skill level 5 in Axes
    11 | D        | Reached XP level 2. HP: 23/28 MP: 1/4
    11 | D        | Reached XP level 3. HP: 29/34 MP: 1/5
    34 | D        | Noticed an ogre
    42 | D        | Killed an ogre
    43 | D        | Reached skill level 7 in Axes
    43 | D        | Reached skill level 5 in Armour
    43 | D        | Reached skill level 5 in Invocations
    43 | D        | Reached XP level 4. HP: 35/44 MP: 4/7
    75 | D        | Noticed Sigmund
    83 | D        | Killed Sigmund
    84 | D        | Reached skill level 10 in Axes
    84 | D        | Reached XP level 5. HP: 24/52 MP: 7/10
    84 | D        | Reached XP level 6. HP: 28/60 MP: 7/11
   230 | D        | Found an ornate altar of the Wu Jian Council.
   230 | D        | Found a shimmering blue altar of Sif Muna.
   232 | D        | Found a radiant altar of Vehumet.
   235 | D        | Identified the staff of poison "Daugusauti" {rPois rF+ rN+
                  | SInv}
   261 | D        | Found Leiw's Antique Weapon Emporium.
   261 | D        | Found an ancient bone altar of Kikubaaqudgha.
   261 | D        | Found a hazy altar of Hepliaklqana.
   261 | D        | Found a stormy altar of Qazlal.
   261 | D        | Found a hide-covered altar of Uskayaw.
   261 | D        | Found a blossoming altar of Fedhas.
   261 | D        | Found a bloodstained altar of Trog.
   261 | D        | Found an iron altar of Okawaru.
   261 | D        | Found a basalt altar of Yredelemnul.
   261 | D        | Found a glowing golden altar of the Shining One.
   261 | D        | Found a snail-covered altar of Cheibriados.
   261 | D        | Found a sacrificial altar of Ru.
   261 | D        | Found a glowing silver altar of Zin.
   261 | D        | Found a shadowy altar of Dithmenos.
   261 | D        | Found a white marble altar of Elyvilon.
   261 | D        | Noticed a yak
   276 | D        | Killed a yak
   277 | D        | Reached skill level 12 in Axes
   277 | D        | Reached XP level 7. HP: 37/69 MP: 11/13
   277 | D        | Found an opulent altar of Gozag.
   278 | D        | Found a sparkling altar of Nemelex Xobeh.
   284 | D        | Became a worshipper of the Shining One
   379 | D        | Found a burning altar of Makhleb.
   379 | D        | Found a viscous altar of Jiyva.
   379 | D        | Found a shimmering altar of Xom.
   379 | D        | Found a corrupted altar of Lugonu.
   379 | D        | Noticed a slime creature
   386 | D        | Killed a slime creature
   387 | D        | Reached skill level 13 in Axes
   443 | D        | Noticed a kobold demonologist
   443 | D        | Reached * piety under the Shining One
   444 | D        | Noticed a kobold demonologist
   445 | D        | Noticed a neqoxec
   445 | D        | Paralysed by a floating eye for 2 turns
   448 | D        | Gained mutation: You are clumsy. (Dex -2) [a neqoxec]
   450 | D        | Noticed an ice devil
   454 | D        | Noticed a chaos spawn
   454 | D        | Killed a kobold demonologist
   454 | D        | Reached ** piety under the Shining One
   455 | D        | Reached skill level 10 in Fighting
   455 | D        | Reached skill level 14 in Axes
   455 | D        | Reached skill level 10 in Invocations
   455 | D        | Reached XP level 8. HP: 79/79 MP: 13/15
   456 | D        | Killed a kobold demonologist
   457 | D        | Reached skill level 15 in Axes
   470 | D        | Noticed a centaur warrior
   470 | D        | Noticed a centaur warrior
   479 | D        | Killed a centaur warrior
   479 | D        | Killed a centaur warrior
   480 | D        | Reached skill level 17 in Axes
   480 | D        | Reached XP level 9. HP: 65/90 MP: 15/18
   484 | D        | Noticed a deep troll
   484 | D        | Reached *** piety under the Shining One
   490 | D        | Killed a deep troll
   537 | D        | Found Biromaac's Armour Emporium.
   573 | D        | Killed a gargoyle
   618 | D        | Noticed a hornet
   627 | D        | Killed a hornet
   628 | D        | Reached skill level 18 in Axes
   688 | D        | Noticed an oklob plant
   697 | D        | Killed an oklob plant
   698 | D        | Reached XP level 10. HP: 84/100 MP: 19/19
   978 | D        | Noticed an unseen horror
   979 | D        | Noticed an unseen horror
   979 | D        | Reached **** piety under the Shining One
   993 | D        | Killed an unseen horror
   994 | D        | Killed an unseen horror
   995 | D        | Reached skill level 19 in Axes
  1149 | D        | Reached ***** piety under the Shining One
  1264 | D        | Reached ****** piety under the Shining One
  1306 | D        | Found Saemoog's Book Shoppe.
  1306 | D        | Found Osalen's Distillery.
  1306 | D        | Found Biefipet's Antique Armour Boutique.
  1312 | D        | Found Jibasm's Antique Armour Boutique.
  1312 | D        | Found Zihuvem's Assorted Antiques.
  1312 | D        | Found Hyenalung's Antique Armour Emporium.
  1314 | D        | Found Letubira's Armour Boutique.
  1314 | D        | Found Xibarchirihe's General Store.
  1314 | D        | Found Xuuxagul's Armour Shop.
  1314 | D        | Found Haulanou's Jewellery Emporium.
  1314 | D        | Found Lutot's Antique Armour Boutique.
  1314 | D        | Found Ilejom's Assorted Antiques.
  1314 | D        | Found Ajus's General Store.
  1316 | D        | Bought a lumpy grey potion for 16 gold pieces
  1316 | D        | Bought a scroll labelled GUCHEO UMNEYL for 18 gold pieces
  1316 | D        | Bought a blackened glass ring for 90 gold pieces
  1316 | D        | Bought a scroll labelled NUOTWI CUABI for 18 gold pieces
  1316 | D        | Bought a scroll labelled PIEBILLIZI for 18 gold pieces
  1318 | D        | Found Haczaese's Jewellery Emporium.
  1324 | D        | Bought a scroll labelled QOMINU HAERIM for 25 gold pieces
  1324 | D        | Bought a peridot ring for 125 gold pieces
  1324 | D        | Bought an inky potion for 22 gold pieces
  1325 | D        | Bought a scroll of identify for 20 gold pieces
  1334 | D        | Bought a bloodstained helmet for 247 gold pieces
  1334 | D        | Identified the +0 helmet "Hero's Friend" {*Corrode rC+
                  | Will+ Str+3} (You bought it in a shop in the Dungeon)
  1369 | D        | Bought a potion of invisibility for 80 gold pieces
  1369 | D        | Bought a potion of invisibility for 80 gold pieces
  1410 | D        | Noticed Sonja
  1439 | D        | Killed Sonja
  1440 | D        | Reached skill level 20 in Axes
  1635 | D        | Found Datunniweyn's General Store.
  1650 | D        | Noticed a shining eye
  1650 | D        | Noticed a shining eye
  1650 | D        | Noticed a shining eye
  1653 | D        | Paralysed by a floating eye for 2 turns
  1668 | D        | Killed a shining eye
  1677 | D        | Gained mutation: You are weak. (Str -2) [a shining eye]
  1682 | D        | Killed a shining eye
  1684 | D        | Killed a shining eye
  1685 | D        | Reached skill level 15 in Invocations
  1685 | D        | Reached XP level 11. HP: 111/111 MP: 18/22
  1698 | D        | Noticed a shining eye
  1698 | D        | Noticed a shining eye
  1698 | D        | Noticed a shining eye
  1702 | D        | Killed a shining eye
  1703 | D        | Reached skill level 21 in Axes
  1708 | D        | Killed a shining eye
  1710 | D        | Killed a shining eye
  1720 | D        | Noticed a shining eye
  1720 | D        | Noticed a shining eye
  1720 | D        | Gained mutation: Armour fits poorly on your strangely
                  | shaped body. [a shining eye]
  1726 | D        | Gained mutation: You are vulnerable to cold. (rC-) [a
                  | shining eye]
  1727 | D        | Killed a shining eye
  1728 | D        | Reached skill level 15 in Fighting
  1729 | D        | Gained mutation: Your spells are a little easier to cast,
                  | but a little less powerful. [a shining eye]
  1732 | D        | Killed a shining eye
  1737 | D        | Reached skill level 22 in Axes
  1740 | D        | Found Jacviur's Jewellery Shoppe.
  1740 | D        | Found Segaugg's Jewellery Shop.
  1740 | D        | Found Uqiaq's Book Emporium.
  1740 | D        | Found Icinuuna's Antique Armour Boutique.
  1818 | D        | HP: 1/112 [demonic crawler (7)]
  1818 | D        | Slain by a demonic crawler

Illustrated notes

Levels and vault maps discovered:
D:        dungeon_sprint_1 [red_sonja_temple_1, red_sonja_temple_small_1]

Skill      XL: |  1  2  3  4  5  6  7  8  9 10 11 |
---------------+----------------------------------+-----
Fighting       | 4 6 7 8 10 11 12 14 15 | 15.1
Axes           | 5 7 10 12 14 17 18 20 22 | 22.0
Armour         | 4 5 6 7 9 11 13 14 | 14.0
Invocations    | 3 5 7 8 10 12 13 15 | 15.9
Shields        | |  3.2

Action                     |  1- 3 |  4- 6 |  7- 9 | 10-12 || total
---------------------------+-------+-------+-------+-------++-------
  Melee: War axe           |    15 |    22 |    44 |    74 ||   155
         Staff             |       |       |       |    11 ||    11
 Invoke: Summon Divine War |       |       |       |     2 ||     2
  Evoke: Wand              |     1 |       |       |     1 ||     2
    Use: Potion            |       |     1 |     2 |     4 ||     7
         Scroll            |       |       |     1 |     2 ||     3
 Armour: Scale mail        |     3 |     3 |     9 |    15 ||    30
         Chain mail        |       |       |       |    35 ||    35
  Dodge: Dodged            |     3 |     4 |    13 |    73 ||    93
  Block: Buckler           |     3 |     3 |     3 |    14 ||    23
